[ PARTIDA AOE2 · #505958941 ]
UnrankedTártaros vs Franks
Equipo del jugador · DERR
Equipo rival · VICT
[ ANÁLISIS DE REPETICIÓN · EXTRAÍDO DE LA PARTIDA GRABADA ]
Feudal
8:55
Castillos
22:30
Imperial
29:13
| APM promedio | 49.2 |
| APM pico | 92 |
| eAPM promedio | 28.8 |
| Aldeanos / militares | 60 / 10 |
Foco
⚔️ 45.8% · 🌾 54.2%
Keshik ×4 · Trebuchet (Packed) ×4 · Mangonel ×2
Feudal
11:23
Castillos
22:40
Imperial
—
| APM promedio | 36.4 |
| APM pico | 74 |
| eAPM promedio | 21.0 |
| Aldeanos / militares | 59 / 65 |
Foco
⚔️ 38.5% · 🌾 61.5%
Throwing Axeman ×33 · Battering Ram ×14 · Petard ×8 · Spearman ×6 · Monk ×2 · Mangonel ×2
Mapa de la partida
Recursos iniciales + cada clic de construcción. Líneas = muros · curvas = relieve. ◆ oro · ⬟ piedra · ● bayas · ✦ reliquia · ◌ hueco del cierre
Tu base· ✓ Cerrada en 22:30 · 0t muro · 2 puerta(s)
Base de Plox· ✓ Cerrada en 22:40 · 28t muro · 4 puerta(s)
Terreno inicial suavizado · ◌ = hueco del cierre detectado · pasá el cursor para detalles
Inputs por minuto
— ELEG PropiaNea - - Plox
Build order — ELEG PropiaNea
Primeras 150 de 165 acciones detectadas
| 0:00 | Encolar | Villager (Male) |
| 0:01 | Encolar | Villager (Male) |
| 0:02 | Construir | House |
| 0:03 | Construir | House |
| 0:22 | Encolar | Villager (Male) |
| 0:22 | Encolar | Villager (Male) |
| 1:30 | Encolar | Villager (Male) |
| 1:44 | Construir | Lumber Camp |
| 2:07 | Encolar | Villager (Male) |
| 2:24 | Encolar | Villager (Male) |
| 2:24 | Encolar | Villager (Male) |
| 2:27 | Encolar | Villager (Male) |
| 2:27 | Encolar | Villager (Male) |
| 2:42 | Investigar | Loom |
| 2:52 | Encolar | Villager (Male) |
| 2:52 | Encolar | Villager (Male) |
| 3:50 | Encolar | Villager (Male) |
| 3:57 | Construir | House |
| 4:10 | Encolar | Villager (Male) |
| 4:10 | Encolar | Villager (Male) |
| 4:23 | Construir | House |
| 4:33 | Construir | Mill |
| 4:41 | Encolar | Villager (Male) |
| 4:41 | Encolar | Villager (Male) |
| 4:41 | Encolar | Villager (Male) |
| 5:55 | Investigar | Loom |
| 6:37 | Investigar | Feudal Age |
| 6:37 | Investigar | Feudal Age |
| 6:48 | Construir | Mining Camp |
| 8:18 | Encolar | Villager (Male) |
| 8:18 | Encolar | Villager (Male) |
| 8:55 | Edad | Edad Feudal |
| 9:00 | Investigar | Double-Bit Axe |
| 9:08 | Construir | Watch Tower |
| 9:09 | Investigar | Horse Collar |
| 9:24 | Construir | House |
| 9:47 | Encolar | Villager (Male) |
| 9:54 | Construir | Watch Tower |
| 10:00 | Encolar | Villager (Male) |
| 10:08 | Construir | Blacksmith |
| 10:18 | Encolar | Villager (Male) |
| 10:19 | Encolar | Villager (Male) |
| 10:55 | Encolar | Villager (Male) |
| 11:13 | Encolar | Villager (Male) |
| 11:35 | Encolar | Villager (Male) |
| 11:55 | Investigar | Fletching |
| 12:13 | Construir | Watch Tower |
| 12:20 | Encolar | Villager (Male) |
| 12:45 | Encolar | Villager (Male) |
| 13:03 | Encolar | Villager (Male) |
| 13:23 | Construir | Watch Tower |
| 13:24 | Encolar | Villager (Male) |
| 13:28 | Construir | House |
| 13:30 | Construir | House |
| 13:42 | Encolar | Villager (Male) |
| 13:59 | Encolar | Villager (Male) |
| 14:16 | Encolar | Villager (Male) |
| 14:18 | Construir | Farm |
| 14:19 | Construir | Farm |
| 14:20 | Construir | Farm |
| 14:39 | Encolar | Villager (Male) |
| 14:40 | Encolar | Villager (Male) |
| 14:51 | Encolar | Villager (Male) |
| 15:02 | Encolar | Villager (Male) |
| 15:08 | Construir | Farm |
| 15:11 | Construir | House |
| 15:25 | Construir | House |
| 15:34 | Encolar | Villager (Male) |
| 15:37 | Construir | Farm |
| 15:38 | Construir | Farm |
| 15:39 | Construir | Farm |
| 15:40 | Construir | Farm |
| 15:40 | Construir | Farm |
| 15:40 | Construir | Farm |
| 15:40 | Construir | Farm |
| 15:41 | Construir | Farm |
| 15:41 | Construir | Farm |
| 15:43 | Encolar | Villager (Male) |
| 16:13 | Encolar | Villager (Male) |
| 16:16 | Construir | Farm |
| 16:36 | Encolar | Villager (Male) |
| 16:42 | Construir | House |
| 16:45 | Construir | Mining Camp |
| 17:26 | Encolar | Villager (Male) |
| 17:30 | Construir | Mining Camp |
| 17:30 | Encolar | Villager (Male) |
| 17:32 | Construir | Farm |
| 17:38 | Construir | Market |
| 17:52 | Encolar | Villager (Male) |
| 17:57 | Construir | Farm |
| 18:13 | Construir | Farm |
| 18:18 | Investigar | Town Watch |
| 18:19 | Investigar | Town Watch |
| 18:24 | Construir | Farm |
| 18:28 | Construir | Farm |
| 18:56 | Construir | Farm |
| 19:00 | Construir | Farm |
| 19:08 | Construir | Farm |
| 19:14 | Construir | Farm |
| 19:48 | Investigar | Castle Age |
| 19:48 | Investigar | Castle Age |
| 20:01 | Construir | Mining Camp |
| 20:25 | Investigar | Stone Mining |
| 20:25 | Investigar | Stone Mining |
| 21:10 | Construir | Lumber Camp |
| 21:56 | Construir | House |
| 21:57 | Construir | House |
| 22:09 | Encolar | Villager (Male) |
| 22:30 | Edad | Edad de los Castillos |
| 22:58 | Construir | Castle |
| 22:58 | Encolar | Villager (Male) |
| 23:02 | Construir | Siege Workshop |
| 23:19 | Encolar | Villager (Male) |
| 23:28 | Construir | Mining Camp |
| 23:40 | Encolar | Mangonel |
| 24:07 | Construir | Stone Wall |
| 24:11 | Construir | Stone Wall |
| 24:43 | Encolar | Villager (Male) |
| 24:49 | Construir | University |
| 24:58 | Construir | House |
| 24:59 | Construir | House |
| 26:04 | Investigar | Imperial Age |
| 26:04 | Investigar | Imperial Age |
| 27:23 | Encolar | Villager (Male) |
| 27:27 | Encolar | Mangonel |
| 27:55 | Construir | Barracks |
| 27:56 | Encolar | Villager (Male) |
| 28:19 | Encolar | Villager (Male) |
| 28:26 | Investigar | Town Watch |
| 28:27 | Investigar | Town Watch |
| 29:09 | Construir | Gate |
| 29:13 | Edad | Edad Imperial |
| 30:33 | Construir | Castle |
| 30:37 | Construir | Farm |
| 30:44 | Construir | Farm |
| 30:44 | Construir | Farm |
| 30:58 | Construir | Gate |
| 31:03 | Construir | Gate |
| 31:30 | Encolar | Villager (Male) |
| 31:38 | Construir | Mining Camp |
| 31:53 | Construir | Lumber Camp |
| 32:08 | Encolar | Villager (Male) |
| 32:15 | Construir | Farm |
| 32:54 | Encolar | Villager (Male) |
| 32:54 | Encolar | Villager (Male) |
| 32:54 | Encolar | Villager (Male) |
| 33:38 | Encolar | Trebuchet (Packed) |
| 33:38 | Encolar | Trebuchet (Packed) |
| 33:45 | Encolar | Keshik |
| 34:11 | Construir | Gate |
Build order — Plox
Primeras 150 de 205 acciones detectadas
| 0:01 | Encolar | Villager (Male) |
| 0:02 | Encolar | Villager (Male) |
| 0:02 | Encolar | Villager (Male) |
| 0:02 | Encolar | Villager (Male) |
| 0:03 | Construir | House |
| 0:04 | Construir | House |
| 1:27 | Encolar | Villager (Male) |
| 1:27 | Encolar | Villager (Male) |
| 1:58 | Encolar | Villager (Male) |
| 1:58 | Encolar | Villager (Male) |
| 2:03 | Construir | Lumber Camp |
| 2:33 | Encolar | Villager (Male) |
| 2:33 | Encolar | Villager (Male) |
| 2:33 | Encolar | Villager (Male) |
| 3:14 | Encolar | Villager (Male) |
| 3:14 | Encolar | Villager (Male) |
| 3:58 | Encolar | Villager (Male) |
| 4:03 | Construir | House |
| 4:27 | Encolar | Villager (Male) |
| 4:27 | Encolar | Villager (Male) |
| 4:56 | Encolar | Villager (Male) |
| 4:56 | Encolar | Villager (Male) |
| 5:17 | Encolar | Villager (Male) |
| 5:20 | Construir | Mill |
| 5:30 | Encolar | Villager (Male) |
| 5:49 | Encolar | Villager (Male) |
| 6:02 | Construir | House |
| 6:16 | Encolar | Villager (Male) |
| 6:21 | Construir | Mining Camp |
| 6:41 | Encolar | Villager (Male) |
| 6:56 | Encolar | Villager (Male) |
| 7:38 | Encolar | Villager (Male) |
| 7:39 | Encolar | Villager (Male) |
| 7:59 | Investigar | Loom |
| 8:02 | Construir | Mining Camp |
| 8:23 | Investigar | Feudal Age |
| 9:40 | Construir | House |
| 9:42 | Construir | Palisade Wall |
| 9:48 | Construir | Palisade Wall |
| 9:56 | Construir | Palisade Wall |
| 10:05 | Construir | Palisade Gate |
| 10:22 | Construir | Palisade Wall |
| 10:36 | Construir | Palisade Gate |
| 11:08 | Encolar | Villager (Male) |
| 11:09 | Encolar | Villager (Male) |
| 11:23 | Edad | Edad Feudal |
| 11:24 | Construir | Watch Tower |
| 11:28 | Construir | Watch Tower |
| 11:45 | Construir | Blacksmith |
| 12:11 | Encolar | Villager (Male) |
| 12:13 | Investigar | Town Watch |
| 12:14 | Investigar | Double-Bit Axe |
| 12:15 | Investigar | Double-Bit Axe |
| 12:30 | Construir | House |
| 12:31 | Investigar | Fletching |
| 12:40 | Encolar | Villager (Male) |
| 12:40 | Encolar | Villager (Male) |
| 13:41 | Construir | Watch Tower |
| 14:09 | Encolar | Villager (Male) |
| 14:10 | Encolar | Villager (Male) |
| 14:51 | Encolar | Villager (Male) |
| 14:51 | Encolar | Villager (Male) |
| 16:17 | Construir | Farm |
| 16:17 | Construir | Farm |
| 16:17 | Construir | Farm |
| 16:18 | Construir | Farm |
| 16:18 | Construir | Farm |
| 16:18 | Construir | Farm |
| 16:22 | Construir | Farm |
| 16:22 | Construir | Farm |
| 17:12 | Construir | Palisade Wall |
| 17:16 | Construir | Palisade Wall |
| 17:25 | Encolar | Villager (Male) |
| 17:25 | Encolar | Villager (Male) |
| 17:47 | Construir | Outpost |
| 18:05 | Encolar | Villager (Male) |
| 18:35 | Construir | Market |
| 18:37 | Encolar | Villager (Male) |
| 18:37 | Encolar | Villager (Male) |
| 18:47 | Construir | Palisade Wall |
| 18:51 | Construir | Palisade Wall |
| 18:54 | Construir | Palisade Wall |
| 19:06 | Construir | Stone Wall |
| 19:09 | Construir | Stone Wall |
| 19:26 | Encolar | Villager (Male) |
| 19:33 | Construir | Barracks |
| 19:51 | Construir | Farm |
| 20:00 | Investigar | Castle Age |
| 20:29 | Construir | Stone Wall |
| 20:31 | Encolar | Spearman |
| 20:31 | Encolar | Spearman |
| 20:33 | Investigar | Scale Mail Armor |
| 21:12 | Encolar | Spearman |
| 21:19 | Construir | House |
| 21:21 | Encolar | Spearman |
| 21:35 | Construir | Mining Camp |
| 21:41 | Construir | House |
| 21:52 | Investigar | Forging |
| 22:10 | Construir | Farm |
| 22:10 | Construir | Farm |
| 22:11 | Construir | Farm |
| 22:19 | Construir | Lumber Camp |
| 22:40 | Edad | Edad de los Castillos |
| 22:45 | Construir | Castle |
| 22:51 | Investigar | Pikeman (upgrade) |
| 23:23 | Construir | Watch Tower |
| 23:34 | Encolar | Spearman |
| 23:34 | Encolar | Spearman |
| 24:39 | Encolar | Villager (Male) |
| 24:48 | Construir | Siege Workshop |
| 24:58 | Encolar | Throwing Axeman |
| 24:58 | Encolar | Throwing Axeman |
| 24:58 | Encolar | Throwing Axeman |
| 24:59 | Encolar | Throwing Axeman |
| 25:26 | Encolar | Villager (Male) |
| 25:33 | Encolar | Battering Ram |
| 25:33 | Encolar | Battering Ram |
| 25:43 | Encolar | Villager (Male) |
| 25:43 | Encolar | Villager (Male) |
| 25:46 | Encolar | Throwing Axeman |
| 25:46 | Encolar | Throwing Axeman |
| 26:21 | Encolar | Villager (Male) |
| 26:42 | Construir | Monastery |
| 26:44 | Encolar | Villager (Male) |
| 26:48 | Encolar | Throwing Axeman |
| 26:48 | Encolar | Throwing Axeman |
| 26:48 | Encolar | Throwing Axeman |
| 27:41 | Encolar | Villager (Male) |
| 27:44 | Encolar | Monk |
| 27:48 | Construir | House |
| 27:48 | Construir | House |
| 27:52 | Encolar | Battering Ram |
| 27:52 | Encolar | Battering Ram |
| 27:57 | Encolar | Petard |
| 27:59 | Encolar | Petard |
| 28:00 | Encolar | Throwing Axeman |
| 28:01 | Encolar | Throwing Axeman |
| 28:17 | Encolar | Battering Ram |
| 28:23 | Encolar | Villager (Male) |
| 28:31 | Encolar | Monk |
| 28:40 | Encolar | Petard |
| 28:40 | Encolar | Petard |
| 28:55 | Encolar | Villager (Male) |
| 28:56 | Encolar | Villager (Male) |
| 28:57 | Encolar | Throwing Axeman |
| 28:58 | Encolar | Throwing Axeman |
| 29:00 | Encolar | Battering Ram |
| 29:15 | Construir | House |
| 29:15 | Construir | House |
| 29:54 | Encolar | Throwing Axeman |
Cronología de la partida
| 8:55 | ELEG PropiaNea · age_up feudal |
| 9:42 | Plox · wall_segment Palisade Wall x1 |
| 9:48 | Plox · wall_segment Palisade Wall x11 |
| 9:56 | Plox · wall_segment Palisade Wall x8 |
| 10:22 | Plox · wall_segment Palisade Wall x3 |
| 11:23 | Plox · age_up feudal |
| 17:12 | Plox · wall_segment Palisade Wall x1 |
| 17:16 | Plox · wall_segment Palisade Wall x1 |
| 18:47 | Plox · wall_segment Palisade Wall x1 |
| 18:51 | Plox · wall_segment Palisade Wall x1 |
| 18:54 | Plox · wall_segment Palisade Wall x1 |
| 19:06 | Plox · wall_segment Stone Wall x1 |
| 19:09 | Plox · wall_segment Stone Wall x1 |
| 19:33 | Plox · first_building Barracks |
| 19:43 | Plox · first_market_buy 100 food |
| 19:46 | ELEG PropiaNea · first_market_sell 100 stone |
| 20:29 | Plox · wall_segment Stone Wall x1 |
| 21:21 | ELEG PropiaNea · first_market_buy 100 stone |
| 22:30 | ELEG PropiaNea · age_up castle |
| 22:40 | Plox · age_up castle |
| 22:45 | Plox · first_building Castle |
| 22:58 | ELEG PropiaNea · first_building Castle |
| 23:02 | ELEG PropiaNea · first_building Siege Workshop |
| 24:07 | ELEG PropiaNea · wall_segment Stone Wall x1 |
| 24:11 | ELEG PropiaNea · wall_segment Stone Wall x6 |
| 24:48 | Plox · first_building Siege Workshop |
| 26:42 | Plox · first_building Monastery |
| 27:55 | ELEG PropiaNea · first_building Barracks |
| 29:13 | ELEG PropiaNea · age_up imperial |
| 36:10 | ELEG PropiaNea · wall_segment Stone Wall x1 |
| 36:14 | ELEG PropiaNea · wall_segment Stone Wall x3 |
| 36:16 | ELEG PropiaNea · wall_segment Stone Wall x1 |
| 36:17 | ELEG PropiaNea · wall_segment Stone Wall x1 |
| 37:58 | ELEG PropiaNea · resign |
[ ANÁLISIS IA · 1 CRÉDITO ]
¿Qué pasó realmente en esta partida?
Wolo.gg analiza cada decisión: build order, eco, micro, errores típicos por bracket. Análisis personalizado por WhatsApp o Discord en 30 segundos.
Guía civ
Tártaros
Perfil
Jugador #23931133